 Dungeon Crawl Stone Soup version 0.18.1-48-g4cf74bf (webtiles) character file.

1322 nikopol the Poker (level 8, -6/70 HPs)
             Began as a Minotaur Berserker on July 25, 2016.
             Was a Priest of Trog.
             Mangled by Prince Ribbit (15 damage)
             ... on level 5 of the Dungeon on July 26, 2016.
             The game lasted 00:13:09 (4139 turns).

nikopol the Poker (Minotaur Berserker)              Turns: 4139, Time: 00:13:10

Health: -6/70      AC:  7    Str: 22    XL:     8   Next: 33%
Magic:  7/7        EV: 12    Int:  4    God:    Trog [***...]
Gold:   289        SH:  3    Dex: 12    Spells: 0 memorised, 7 levels left

rFire  . . .     SeeInvis .     x - +0 trident
rCold  . . .     Gourm    .     C - +0 scale mail
rNeg   . . .     Faith    .     (no shield)
rPois  .         Spirit   .     (helmet restricted)
rElec  .         Dismiss  .     (no cloak)
rCorr  .         Reflect  +     (no gloves)
SustAt .         Harm     .     (no boots)
MR     .....                    r - +3 amulet of reflection
Stlth  ..........               (no ring)
                                (no ring)

@: not resistant to hostile enchantments, extremely unstealthy
A: retaliatory headbutt, horns 2
a: Berserk, Trog's Hand, Burn Spellbooks, Renounce Religion


You were on level 5 of the Dungeon.
You worshipped Trog.
Trog was most pleased with you.
You were not hungry.

You visited 1 branch of the dungeon, and saw 5 of its levels.

You collected 289 gold pieces.

Inventory:

Hand Weapons
 a - a +0 spear
 c - a +0 shortbow
 o - a +0 halberd
 x - a +0 trident (weapon)
Missiles
 i - 56 arrows
Armour
 b - a +0 animal skin
 e - a +0 leather armour
 j - a +0 ring mail
 C - a +0 scale mail (worn)
Jewellery
 r - a +3 amulet of reflection (around neck)
 v - an uncursed amulet of regeneration {unknown}
 A - an uncursed amulet of harm {unknown}
Scrolls
 d - 3 scrolls of teleportation {unknown}
 g - 5 scrolls of identify {unknown}
 k - a scroll of recharging {unknown}
 m - a scroll of magic mapping {unknown}
 p - a scroll of remove curse {unknown}
 s - a scroll of noise {unknown}
 y - a scroll of random uselessness {unknown}
 D - a scroll of immolation {unknown}
 F - 2 scrolls of fog {unknown}
Potions
 f - a potion of brilliance {unknown}
 l - a potion of haste {unknown}
 n - a potion of degeneration {unknown}
 q - a potion of magic {unknown}
 t - 2 potions of flight {unknown}
 u - a potion of invisibility {unknown}
 z - 2 potions of lignification {unknown}
 B - a potion of might {unknown}
 E - 2 potions of mutation {unknown}
 H - a potion of cure mutation {unknown}
Comestibles
 h - 5 meat rations
 w - 5 bread rations


   Skills:
 + Level 6.2 Fighting
 * Level 7.2 Polearms
 * Level 2.7 Bows
 + Level 6.4 Armour
 + Level 5.8 Dodging


You had 7 spell levels left.
You didn't know any spells.

Dungeon Overview and Level Annotations

Branches:
Dungeon (5/15)             Temple (0/1) D:5

Altars:
Cheibriados
Elyvilon
Kikubaaqudgha
Okawaru
Sif Muna
Vehumet
Xom
The Shining One

Annotations:
D:5 Prince Ribbit


Innate Abilities, Weirdness & Mutations

You reflexively headbutt those who attack you in melee.
You have a pair of horns on your head.


Message History

You miss Prince Ribbit.
Prince Ribbit is heavily wounded.
Prince Ribbit lets out a mournful croak.
Prince Ribbit hits you but does no damage.
Prince Ribbit barely misses you. You furiously retaliate!
You headbutt Prince Ribbit, but do no damage.
Prince Ribbit sighs, "It's not easy being green!"
Prince Ribbit blinks! x2
Found a pair of gloves.
Prince Ribbit blinks!
Prince Ribbit blinks!
Prince Ribbit barely misses you. You furiously retaliate!
You headbutt Prince Ribbit.
There is a stone staircase leading up here.
Eat which item? (? for menu, Esc to quit)
Prince Ribbit hits you!
* * * LOW HITPOINT WARNING * * *
You continue eating.
Prince Ribbit hits you!
You die...

.....###.#..#
###.#...<# .#####
#.#..# #.####.# .#
#....# #.. ..# .#
##...# ######## .#
#...# ## ###<.#
####..>.#########
#...........(...####
##..........F@.......
.................[####
###.......%.......#
..................#
####.####.........#
... #.######### ....
#.# ... #.# ..#


You could see Prince Ribbit.

Vanquished Creatures
  The ghost of Situis the Shield-Bearer, a novice DsFi of Makhleb (D:5)
  An ice beast (D:5)
  3 ogres (D:4)
  A centaur (D:4)
  A big kobold (D:4)
  The ghost of Fluut the Skirmisher, a weakling HEFi of Okawaru (D:3)
  2 centaur skeletons (D:4)
  An orc priest (D:4)
  An iguana (D:4)
  2 orc wizards (D:4)
  3 worker ants (D:4)
  A hound zombie (D:5)
  A howler monkey zombie (D:5)
  6 gnolls
  7 adders
  2 shadow imps (D:5)
  2 worms
  3 giant geckos
  6 orcs
  6 bats
  3 giant cockroaches
  5 goblins
  9 hobgoblins
  8 jackals
  4 quokkas
  A ball python (D:3)
  A giant cockroach zombie (D:5)
  6 giant newts
  9 kobolds
  A quokka skeleton (D:4)
  9 rats
107 creatures vanquished.

Notes
Turn   | Place    | Note
--------------------------------------------------------------
     0 | D:1      | nikopol the Minotaur Berserker began the quest for the Orb.
     0 | D:1      | Reached XP level 1. HP: 19/19 MP: 0/0
   111 | D:1      | Reached XP level 2. HP: 15/26 MP: 1/1
   558 | D:1      | Reached ** piety under Trog
   783 | D:2      | Found a snail-covered altar of Cheibriados.
   787 | D:2      | Reached XP level 3. HP: 29/31 MP: 2/2
   907 | D:2      | Reached skill level 4 in Polearms
   973 | D:2      | Reached XP level 4. HP: 40/40 MP: 3/3
  1102 | D:2      | Found a radiant altar of Vehumet.
  1107 | D:2      | Found an ancient bone altar of Kikubaaqudgha.
  1108 | D:2      | Found a deep blue altar of Sif Muna.
  1173 | D:2      | Found a shimmering altar of Xom.
  1264 | D:2      | Found an iron altar of Okawaru.
  1648 | D:3      | Noticed Fluut's ghost (weakling HEFi)
  1652 | D:3      | Reached XP level 5. HP: 32/46 MP: 4/4
  1654 | D:3      | Reached *** piety under Trog
  1659 | D:3      | Killed Fluut's ghost
  1970 | D:3      | Reached skill level 5 in Polearms
  2298 | D:4      | Noticed an ogre
  2306 | D:4      | HP: 2/46 [ogre/giant spiked club (18)]
  2309 | D:4      | Killed an ogre
  2309 | D:4      | Reached XP level 6. HP: 4/53 MP: 5/5
  2664 | D:4      | Reached skill level 5 in Armour
  2775 | D:4      | Reached skill level 5 in Fighting
  2775 | D:4      | Reached XP level 7. HP: 34/61 MP: 6/6
  3027 | D:4      | Reached skill level 6 in Polearms
  3027 | D:4      | Reached skill level 5 in Dodging
  3709 | D:5      | Entered Level 5 of the Dungeon
  3715 | D:5      | Found a staircase to the Ecumenical Temple.
  3756 | D:5      | Reached skill level 1 in Bows
  3821 | D:5      | Found a white marble altar of Elyvilon.
  3837 | D:5      | Reached XP level 8. HP: 70/70 MP: 7/7
  4004 | D:5      | Found a glowing golden altar of the Shining One.
  4022 | D:5      | Noticed Situis's ghost (novice DsFi)
  4031 | D:5      | Killed Situis's ghost
  4031 | D:5      | Reached skill level 7 in Polearms
  4033 | D:5      | Noticed Prince Ribbit
  4139 | D:5      | Mangled by Prince Ribbit

Skill      XL: |  1  2  3  4  5  6  7  8 |
---------------+-------------------------+-----
Armour         | 3 4 5 6 |  6.4
Dodging        | 3 4 5 |  5.8
Polearms       | 4 5 6 7 |  7.2
Fighting       | 4 5 6 |  6.2
Bows           | 1 2 |  2.7

Action                   |  1- 3 |  4- 6 |  7- 9 || total
-------------------------+-------+-------+-------++-------
Melee: Spear             |    59 |       |       ||    59
       Headbutt          |     6 |    23 |    13 ||    42
       Halberd           |     5 |   137 |     2 ||   144
       Trident           |       |       |    77 ||    77
 Fire: Shortbow          |       |       |    11 ||    11
Invok: Berserk           |     1 |     3 |     2 ||     6
       Burn Spellbooks   |       |     1 |       ||     1
  Eat: Chunk             |     1 |     5 |     5 ||    11
       Bread ration      |       |     1 |       ||     1
       Royal jelly       |       |       |     1 ||     1
Armor: Leather armour    |     1 |       |       ||     1
       Ring mail         |     5 |    17 |       ||    22
       Scale mail        |       |    26 |    20 ||    46
Dodge: Dodged            |    24 |    81 |    38 ||   143
Block: Other             |       |     8 |     9 ||    17
       Reflection        |       |       |     1 ||     1
